 Dungeon Crawl Stone Soup version 0.26.1 (webtiles) character file.

Game seed: 6826426009866972547

70 Gadfly the Cudgeller (level 4, 0/44 HPs)
             Began as an Ogre Gladiator on Feb 7, 2021.
             Was an Initiate of Elyvilon.
             Slain by a gnoll
             ... wielding a +0 halberd
              (9 damage)
             ... on level 3 of the Dungeon.
             The game lasted 00:03:09 (2149 turns).

Gadfly the Cudgeller (Ogre Gladiator)               Turns: 2149, Time: 00:03:10

Health: 0/44       AC:  5    Str: 19    XL:     4   Next: 22%
Magic:  5/5        EV: 10    Int:  9    God:    Elyvilon [......]
Gold:   115        SH:  0    Dex: 10    Spells: 3/3 levels left

rFire    . . .     SeeInvis .   a - +0 flail
rCold    . . .     Faith    .   (no shield)
rNeg     . . .     Spirit   .   b - +0 robe
rPois    .         Reflect  .   f - +2 hat
rElec    .         Harm     .   (no cloak)
rCorr    .         Rampage  .   (gloves unavailable)
Will     .....                  (boots unavailable)
Stlth    +.........             (no amulet)
HPRegen  0.14/turn              (no ring)
MPRegen  0.09/turn              (no ring)

@: no status effects
A: large, unfitting armour, tough skin 1
a: Renounce Religion


You were on level 3 of the Dungeon.
You worshipped Elyvilon.
Elyvilon was noncommittal.
You visited 1 branch of the dungeon, and saw 3 of its levels.

You collected 115 gold pieces.

Inventory:

Hand Weapons
 a - a +0 flail (weapon)
 k - a +1 dagger of holy wrath
Missiles
 d - 3 throwing nets
 g - 33 stones (quivered)
Armour
 b - a +0 robe (worn)
 f - a +2 hat (worn)
Wands
 c - a wand of flame (21)
 i - a wand of enslavement (2)
Potions
 e - 2 potions of heal wounds
 h - a potion of resistance
 j - a potion of haste
 m - a potion of magic {unknown}
 n - a potion of might {unknown}


   Skills:
 - Level 2.6 Fighting
 + Level 2.9 Maces & Flails
 + Level 2.3 Throwing
 * Level 1.2 Armour
 - Level 2.6 Dodging
 * Level 1.9 Invocations
 * Level 1.4 Evocations


You had 3 spell levels left.
You didn't know any spells.
Your spell library was empty.

Dungeon Overview and Level Annotations

Branches:
Dungeon (3/15)

Altars:
Elyvilon


Innate Abilities, Weirdness & Mutations

You are too large for most types of armour.
You have tough skin. (AC +1)


Message History

You are too injured to fight recklessly!
You are too injured to fight recklessly!
You are too injured to fight recklessly!
You are too injured to fight recklessly!
You are too injured to fight recklessly!
Unknown command.
The gnoll barely misses you.
You barely miss the gnoll. The gnoll closely misses you.
You sock the gnoll!
The gnoll is severely wounded.
The gnoll hits you from afar with a +0 halberd!
* * * LOW HITPOINT WARNING * * *
The gnoll barely misses you.
You hit the fungus but do no damage. The gnoll barely misses you.
The gnoll closely misses you.
There is a white marble altar of Elyvilon here.
You sock the gnoll!
You kill the gnoll!
The gnoll hits you from afar with a +0 halberd!
You die...

#..#..# ####.###.#.#
#...#.#####...##.#.#
..........#.P.#....#####
..#.......#...#........#
#.........##.##........#
g.g.......##.#..<......#
###.#####.##.##.#####..#
# #.#...###...###...#..#
# #...P....._.g)@.P...##
###...###...###...###
##### ##.## #### #.# #.#
... .P. #...#


You could see a gnoll.

Vanquished Creatures
  2 gnolls (D:3)
  2 adders (D:2)
  2 dart slugs (D:2)
  A leopard gecko (D:1)
  An orc (D:2)
  2 giant cockroaches
  4 goblins
  7 hobgoblins
  4 kobolds (D:1)
  2 quokkas (D:2)
  7 bats
  2 frilled lizards (D:1)
  A rat (D:1)
37 creatures vanquished.

Notes
Turn   | Place    | Note
-------+----------+-------------------------------------------
     0 | D:1      | Gadfly the Ogre Gladiator began the quest for the Orb.
     0 | D:1      | Reached XP level 1. HP: 22/22 MP: 1/1
   357 | D:1      | Reached XP level 2. HP: 29/29 MP: 2/2
   721 | D:1      | Reached skill level 1 in Invocations
  1165 | D:2      | Reached XP level 3. HP: 27/36 MP: 3/3
  1425 | D:2      | Reached skill level 1 in Evocations
  1559 | D:2      | Reached skill level 1 in Armour
  1980 | D:2      | Reached XP level 4. HP: 44/44 MP: 5/5
  2066 | D:3      | Found a white marble altar of Elyvilon.
  2098 | D:3      | Became a worshipper of Elyvilon the Healer
  2149 | D:3      | Slain by a gnoll

Illustrated notes

Levels and vault maps discovered:
D:1:      dpeg_arrival_central, layout_basic, chequers_serial_rivers_micro_c
D:2:      layout_rooms, feat_on_display
D:3:      layout_rooms, elyvilon_altar_1, nicolae_overflow_hidden_temple

Skill      XL: |  1  2  3 |
---------------+----------+-----
Invocations    | 1 |  1.9
Evocations     | 1 |  1.4
Armour         | 1 |  1.2
Fighting       | |  2.6
Maces & Flails | |  2.9
Throwing       | |  2.3
Dodging        | |  2.6

Action                   |  1- 3 |  4- 6 || total
-------------------------+-------+-------++-------
Melee: Flail             |   139 |    14 ||   153
Throw: Stone             |    18 |       ||    18
  Use: Scroll            |     4 |     1 ||     5
       Potion            |     2 |       ||     2
Armor: Robe              |    87 |     3 ||    90
Dodge: Dodged            |   121 |    10 ||   131
